 Dungeon Crawl Stone Soup version 0.31.0-11-ge490571c62 (webtiles) character file.

Game seed: 8578085361779339112

36 RancidPinata the Sneak (level 3, -2/24 HPs)
             Began as a Gargoyle Delver on Feb 4, 2024.
             Killed from afar by a steam dragon (16 damage)
             ... with a ball of steam
             ... on level 8 of the Dungeon.
             The game lasted 00:01:28 (190 turns).

RancidPinata the Sneak (Gargoyle Delver)             Turns: 190, Time: 00:01:28

Health: -2/24      AC:  6    Str: 17    XL:     3   Next: 37%
Magic:  3/3        EV: 11    Int: 10    God:
Gold:   12         SH:  0    Dex: 11    Spells: 2/2 levels left

rFire   . . .        a - +0 short sword
rCold   . . .        (no shield)
rNeg    + . .        b - +0 leather armour
rPois   ∞            (no helmet)
rElec   +            (no cloak)
rCorr   .            (no gloves)
SInv    .            (no boots)
Will    .....        (no amulet)
Stlth   +++          (no ring)
HPRegen 0.24/turn    (no ring)
MPRegen 0.08/turn

%: no passive effects
@: no status effects
A: sickness immunity, AC +3, negative energy resistance 1, electricity
resistance, torment resistance 1, petrification resistance
a: no special abilities


You were on level 8 of the Dungeon.
You visited 1 branch of the dungeon, and saw 4 of its levels.

You collected 12 gold pieces.

Inventory:

Hand Weapons
 a - a +0 short sword (weapon)
Armour
 b - a +0 leather armour (worn)
Jewellery
 h - a ring of flight
Wands
 g - a wand of digging (3)
Scrolls
 c - 2 scrolls of fog
 d - a scroll of revelation
 e - a scroll of fear
Potions
 f - a potion of haste


   Skills:
 * Level 3.7 Fighting
 + Level 2.0 Short Blades
 * Level 1.3 Armour
 + Level 1.7 Dodging
 * Level 5.8 Stealth


You had 2 spell levels left.
You didn't know any spells.
Your spell library was empty.

Dungeon Overview and Level Annotations

Branches:
Dungeon (8/15)
 Temple: D:4-7         Lair: D:8-11

Altars:


Innate Abilities, Weirdness & Mutations

You are immune to sickness and miasma.
Your stone body is resilient. (AC +3)
You are immune to poison.
You resist negative energy. (rN+)
You are resistant to electric shocks. (rElec)
You are resistant to unholy torment.
You are immune to petrification.


Message History

You hit the orc but do no damage.
The orc is lightly wounded.
The orc completely misses you.
You hit the orc.
The orc is almost dead.
The orc hits you with a +0 dagger.
You barely miss the orc.
The orc is almost dead.
The orc hits you with a +0 dagger.
You hit the orc but do no damage.
The orc is almost dead.
The orc hits you but does no damage.
You closely miss the orc.
The orc is almost dead.
You hit the orc but do no damage.
The orc is almost dead.
The orc hits you with a +0 dagger.
You closely miss the orc.
The orc is severely wounded.
The orc hits you but does no damage.
You hit the orc.
You kill the orc!
Items here: ))) [ †.
You start resting.
HP restored.
There is a stone staircase leading up here.
You open the door.
A steam dragon comes into view.
The steam dragon hisses angrily.
There is an open door here.
The steam dragon breathes steam at you. The ball of steam hits you!
Ouch! That really hurt!
You hear an angry buzzing noise. x2
A white imp comes into view.
The white imp shouts!
The steam dragon breathes steam at you. The ball of steam hits you!
Ouch! That really hurt!
You die...

#.##########.# #.# #.#
#.#####.### #.#
..........###### #.#
..........)....# #.#
#.#.###...####.# #.# #
#...# #.# #.#
#.<.####.###§##### #
#...@§§D.##§.....#
#.###...###..##......#
#....................#
##.##....###..##......#
........................
..................$.####.
#.#...5.####.#####.#
#.###...)# ..# .# .
#.....#... ..


You could see a white imp.

Vanquished Creatures
  An orc priest (D:8)
  3 orcs (D:8)
4 creatures vanquished.

Notes
Turn   | Place    | Note
-------+----------+-------------------------------------------
     0 | D:5      | RancidPinata the Gargoyle Delver began the quest for the
                  | Orb.
     0 | D:5      | Reached XP level 1. HP: 14/14 MP: 1/1
    22 | D:6      | Noticed an ogre
    24 | D:6      | Noticed a bullfrog
    24 | D:6      | Noticed an iguana
    24 | D:6      | Noticed an ogre
    86 | D:8      | Noticed an orc priest
   121 | D:8      | Killed an orc priest
   122 | D:8      | Reached skill level 1 in Armour
   122 | D:8      | Reached XP level 2. HP: 20/20 MP: 2/2
   122 | D:8      | Reached XP level 3. HP: 24/24 MP: 3/3
   181 | D:8      | Noticed a steam dragon
   190 | D:8      | Killed from afar by a steam dragon

Illustrated notes

Levels and vault maps discovered:
D:5:      layout_cave_pods, uniq_duvessa, uniq_prince_ribbit1, uniq_ijyb
D:6:      layout_basic, nicolae_overflow_hallway_of_the_gods,
          nicolae_fountain_basement
D:7:      minmay_chambers_of_sixes, layout_cave_pools,
          mainiacjoe_overflow_tiny_flanked, jmf_multi_god_temple2,
          ashenzari_altar_1, enter_bailey_4, minmay_misc_feat_columns,
          grunt_ministairs_14
D:8:      minmay_separated_statues, layout_basic, minivault_24

Skill      XL: |  1 |
---------------+----+-----
Short Blades   | 2 |  2.0
Armour         | 1 |  1.3
Fighting       | |  3.7
Dodging        | |  1.7
Stealth        | |  5.8

Action                     || total
---------------------------++-------
  Melee: Short sword       ||    31
   Stab: Sleeping          ||     1
 Armour: Leather armour    ||    18
  Dodge: Dodged            ||    11
